 Dungeon Crawl Stone Soup version 0.30-a0-137-gd8773701ce (webtiles) character file.

Game seed: 2945997666584030344

1383 IdlyInterested the Sneak (level 8, -4/58 HPs)
             Began as a Demonspawn Gladiator on Sept 22, 2022.
             Slain by a two-headed ogre
             ... wielding a +0 giant club
              (10 damage)
             ... on level 7 of the Dungeon.
             The game lasted 00:21:29 (7056 turns).

IdlyInterested the Sneak (Demonspawn Gladiator)     Turns: 7056, Time: 00:21:30

Health: -4/58      AC:  8    Str: 15    XL:     8   Next: 40%
Magic:  0/8        EV: 13    Int:  9    God:
Gold:   343        SH:  0    Dex: 17    Spells: 7/7 levels left

rFire   . . .      SeeInvis .    a - +3 rapier (flame)
rCold   . . .      Faith    .    (no shield)
rNeg    . . .      Spirit   +    J - +1 leather armour {Will+}
rPois   .          Reflect  .    c - +0 helmet
rElec   .          Harm     .    H - +0 cloak
rCorr   .          Rampage  .    (no gloves)
Will    ++...                    (no boots)
Stlth   ++++......               q - amulet of guardian spirit
HPRegen 0.19/turn                y - ring of willpower
MPRegen 0.11/turn                j - ring of flight

@: attractive, flying
A: icy blue scales 1, powered by pain 2, demonic touch 1
a: no special abilities


You were on level 7 of the Dungeon.
You visited 2 branches of the dungeon, and saw 8 of its levels.

You collected 385 gold pieces.
You spent 42 gold pieces at shops.

Inventory:

Hand Weapons
 a - a +3 rapier of flaming (weapon)
 g - a +0 dagger
 o - a +0 short sword of venom
 v - a +0 demon blade
Missiles
 d - 2 throwing nets
 e - a javelin
 h - 8 boomerangs (quivered)
 m - 2 poisoned darts
Armour
 c - a +0 helmet (worn)
 l - a +0 scale mail
 r - the +1 ring mail "Luoxalo" {Drain rElec Str+8}
   (You found it on level 2 of the Dungeon)

   Str:       It affects your strength (+8).
   rElec:     It insulates you from electricity.
   Drain:     It drains your maximum health when unequipped.
 H - a +0 cloak (worn)
 J - a +1 leather armour of willpower (worn)
Magical Staves
 t - a staff of fire
Jewellery
 j - a ring of flight (right hand)
 q - an amulet of guardian spirit (around neck)
 y - a ring of willpower (left hand)
 A - an amulet of faith
Wands
 s - a wand of flame (38)
 u - a wand of paralysis (25)
 D - a wand of polymorph (3)
Scrolls
 f - 3 scrolls of teleportation
 w - a scroll of vulnerability
 x - 2 scrolls of fear
 G - 2 scrolls of blinking
 L - a scroll of immolation
Potions
 b - 2 potions of ambrosia {unknown}
 i - a potion of attraction
 k - a potion of might
 p - a potion of lignification
 z - 3 potions of brilliance
 C - a potion of flight
 E - a potion of mutation
 F - a potion of curing
 I - a potion of heal wounds
 K - a potion of berserk rage
 M - a potion of haste {unknown}


   Skills:
 - Level 3.0 Fighting
 - Level 3.0 Short Blades
 - Level 3.0 Throwing
 * Level 1.3 Armour
 - Level 3.0 Dodging
 * Level 7.9 Stealth
 - Level 3.0 Unarmed Combat
 - Level 3.0 Evocations


You had 7 spell levels left.
You didn't know any spells.
Your spell library contained the following spells:

 Spells                   Type           Power      Damage    Failure   Level
 Blink                    Tloc           0%         N/A       58%         2
 Cigotuvi's Dreadful Rot  Necr/Pois/Air  0%         N/A       58%         2
 Poisonous Vapours        Pois/Air       0%         N/A       58%         2
 Lesser Beckoning         Tloc           0%         N/A       83%         3
 Ozocubu's Armour         Ice            0%         N/A       83%         3
 Manifold Assault         Tloc           0%         N/A       99%         4
 Metabolic Englaciation   Hex/Ice        0%         N/A       100%        5
 Simulacrum               Ice/Necr       0%         N/A       100%        6


Dungeon Overview and Level Annotations

Branches:
Dungeon (7/15)             Temple (1/1) D:6

Altars:
Ashenzari
Cheibriados
Dithmenos
Fedhas
Gozag
Hepliaklqana
Kikubaaqudgha
Nemelex Xobeh
Okawaru
Qazlal
Uskayaw
Vehumet
Wu Jian
Xom
Yredelemnul

Shops:
D:3 !((


Innate Abilities, Weirdness & Mutations

You are partially covered in icy blue scales. (AC +2)
You sometimes gain power by taking damage.
Your touch may inflict minor irresistible damage on your foes.


Message History

Found a stone staircase leading down.
There is a stone staircase leading up here.
Okay, then.
Really quaff the potion of attraction?
You feel attractive to monsters.
The two-headed ogre is attracted toward you.
The helpless two-headed ogre fails to defend itself.
You impale the two-headed ogre!! You burn the two-headed ogre!
The two-headed ogre is heavily wounded.
The two-headed ogre completely misses you.
The two-headed ogre barely misses you.
You hit the two-headed ogre but do no damage.
The two-headed ogre is heavily wounded.
You puncture the two-headed ogre! You burn the two-headed ogre.
You punch the two-headed ogre, but do no damage.
The two-headed ogre is severely wounded.
The two-headed ogre barely misses you.
The two-headed ogre hits you with a +0 giant spiked club.
You completely miss the two-headed ogre.
The two-headed ogre is severely wounded.
The two-headed ogre hits you with a +0 giant club!!
You focus on the pain.
You feel your power returning.
The two-headed ogre hits you with a +0 giant spiked club!!
You closely miss the two-headed ogre.
The two-headed ogre is severely wounded.
You hit the two-headed ogre but do no damage.
The two-headed ogre is severely wounded.
The two-headed ogre hits you with a +0 giant club!
* * * LOW HITPOINT WARNING * * *
The two-headed ogre barely misses you.
You hit the two-headed ogre but do no damage.
You touch the two-headed ogre!
The two-headed ogre is almost dead.
The two-headed ogre completely misses you.
The two-headed ogre hits you with a +0 giant spiked club!
* * * LOW HITPOINT WARNING * * *
You closely miss the two-headed ogre.
You touch the two-headed ogre!
The two-headed ogre is almost dead.
The two-headed ogre hits you with a +0 giant club!
You die...

#..# ...
####..##..
#$.......
###.......#
#.....>...#
#........###
#....O....#..
#....@......#
#........##.#
...<.#.....#
.... #.......
$..
#......#.. ..
##......#. .
###....#
.....


You could see a two-headed ogre.

Vanquished Creatures
  Sigmund (D:5)
  An acid dragon (D:6)
  A black bear (D:6)
  Duvessa (D:6)
  2 ice beasts (D:6)
  A necrophage (D:6)
  A scorpion (D:5)
  2 howler monkeys
  3 hounds
  An orc priest (D:2)
  A jelly (D:6)
  An iguana (D:6)
  2 orc wizards
  Natasha (thrice) (D:2)
  14 adders
  A shadow imp (D:6)
  A white imp (D:5)
  An ufetubus (D:6)
  A worm (D:2)
  2 dart slugs (D:2)
  17 orcs
  8 endoplasms
  4 giant cockroaches
  7 goblins
  7 hobgoblins
  2 quokkas
  2 training dummies (D:6)
  5 ball pythons
  7 bats
  3 frilled lizards
  6 kobolds
  6 rats
115 creatures vanquished.

Vanquished Creatures (others)
  2 plants (D:2)
2 creatures vanquished.

Grand Total: 117 creatures vanquished

Notes
Turn   | Place    | Note
-------+----------+-------------------------------------------
     0 | D:1      | IdlyInterested the Demonspawn Gladiator began the quest for
                  | the Orb.
     0 | D:1      | Reached XP level 1. HP: 16/16 MP: 1/1
   183 | D:1      | Reached skill level 1 in Stealth
   256 | D:1      | Gained mutation: You sometimes gain a little power by
                  | taking damage. [demonic ancestry]
   256 | D:1      | Reached XP level 2. HP: 22/22 MP: 2/2
   675 | D:1      | Reached skill level 2 in Stealth
  1040 | D:1      | Reached XP level 3. HP: 23/27 MP: 3/3
  1129 | D:1      | Found a faded altar of an unknown god.
  1611 | D:2      | Identified the +1 ring mail "Luoxalo" {Drain rElec Str+8}
  1925 | D:2      | HP: 1/42 [something (3)]
  1927 | D:2      | Reached skill level 3 in Stealth
  1927 | D:2      | Gained mutation: Your touch may inflict minor irresistible
                  | damage on your foes. [demonic ancestry]
  1927 | D:2      | Reached XP level 4. HP: 2/34 MP: 4/4
  2419 | D:2      | Noticed Natasha
  2429 | D:2      | Killed Natasha
  2430 | D:2      | Reached XP level 5. HP: 28/41 MP: 5/5
  2765 | D:2      | Noticed Natasha
  2772 | D:2      | Killed Natasha
  2773 | D:2      | Reached skill level 4 in Stealth
  2773 | D:2      | Reached skill level 1 in Unarmed Combat
  2824 | D:2      | Noticed Natasha
  2833 | D:2      | Killed Natasha
  3033 | D:3      | Found a radiant altar of Vehumet.
  3033 | D:3      | Found Fayman's Antique Weapon Shop.
  3134 | D:3      | Found Osat's Antique Weapon Shoppe.
  3458 | D:3      | Found a broken altar of Ashenzari.
  3479 | D:3      | Reached XP level 6. HP: 35/47 MP: 3/6
  3664 | D:3      | Found Epsov's Distillery.
  3828 | D:3      | Bought a potion of attraction for 42 gold pieces
  4251 | D:4      | Found a shimmering altar of Xom.
  4387 | D:4      | Found a stormy altar of Qazlal.
  4922 | D:5      | Entered Level 5 of the Dungeon
  5015 | D:5      | Reached skill level 5 in Stealth
  5169 | D:5      | Noticed Sigmund
  5192 | D:5      | Killed Sigmund
  5193 | D:5      | Gained mutation: You sometimes gain power by taking damage.
                  | [demonic ancestry]
  5193 | D:5      | Reached XP level 7. HP: 21/52 MP: 2/7
  5505 | D:5      | You are sucked into a shaft and drop 1 floor!
  5606 | D:6      | Reached skill level 6 in Stealth
  6487 | D:6      | Found a staircase to the Ecumenical Temple.
  6579 | Temple   | Entered the Ecumenical Temple
  6633 | D:6      | Reached skill level 7 in Stealth
  6633 | D:6      | Gained mutation: You are partially covered in icy blue
                  | scales. (AC +2) [demonic ancestry]
  6633 | D:6      | Reached XP level 8. HP: 58/58 MP: 8/8
  6760 | D:6      | Noticed Duvessa
  6761 | D:6      | Noticed Dowan
  6763 | D:6      | Dowan changed into Dowan the hound
  6763 | D:6      | Noticed Dowan
  6770 | D:6      | Killed Duvessa
  6773 | D:6      | Killed Dowan the hound
  6954 | D:6      | Reached skill level 1 in Armour
  6984 | D:6      | Found an opulent altar of Gozag.
  7047 | D:7      | Noticed a two-headed ogre
  7056 | D:7      | Slain by a two-headed ogre

Illustrated notes

Levels and vault maps discovered:
D:1:      shiori_arrival_maze, layout_basic,
          shapermc_ecumenical_altar_mp_vishouse
D:2:      layout_rooms, chequers_big_river, uniq_natasha
D:3:      layout_basic, mainiacjoe_overflow_alcove_1,
          cheibrodos_ashenzari_chains, serial_shops, shop,
          nicolae_lakefront_shop, shop, chequers_serial_rivers_large_a,
          due_unseen_surprise
D:4:      layout_loops_ring, lemuel_round_altar,
          mainiacjoe_overflow_tiny_flanked, zin_academy
D:5:      layout_loops_corners, uniq_sigmund
D:6:      dreamdust_elfheim, layout_cave_pools, mainiacjoe_overflow_alcove_2,
          minmay_temple_entry_junction
D:7:      minmay_klotski, layout_cave_pools,
          mainiacjoe_overflow_large_starburst, enter_bailey_5
Temple:   hellmonk_temple_two_chambers

Skill      XL: |  1  2  3  4  5  6  7  8 |
---------------+-------------------------+-----
Stealth        | 1 2 3 4 5 7 |  7.9
Short Blades   | 3 |  3.0
Fighting       | 3 |  3.0
Unarmed Combat | 2 3 |  3.0
Evocations     | 2 3 |  3.0
Throwing       | 3 |  3.0
Dodging        | 3 |  3.0
Armour         | 1 |  1.3

Action                   |  1- 3 |  4- 6 |  7- 9 || total
-------------------------+-------+-------+-------++-------
Melee: Rapier            |   144 |   123 |    79 ||   346
       Touch             |       |    22 |    17 ||    39
       Punch             |       |     2 |     1 ||     3
Throw: Boomerang         |     2 |       |       ||     2
       Throwing net      |       |     2 |       ||     2
Evoke: Wand              |       |       |     1 ||     1
  Use: Potion            |     6 |     1 |     1 ||     8
       Scroll            |       |    13 |     4 ||    17
 Stab: Sleeping          |     2 |     2 |     5 ||     9
       Invisible         |     1 |       |       ||     1
Armor: Leather armour    |    40 |       |     7 ||    47
       Ring mail         |    16 |     1 |       ||    17
       Scale mail        |       |    43 |    35 ||    78
Dodge: Dodged            |    89 |    64 |    49 ||   202

Table legend: (Time is in decaauts)
 A = Elapsed time spent in this place.
 B = Non-inter-level travel time spent in this place.
 C = Inter-level travel time spent in this place.
 D = Time resting spent in this place.
 E = Time spent auto-exploring this place.
 F = Levels seen in this place.
 G = Mean time per level.
                   A        B        C        D        E       F      G
               +--------+--------+--------+--------+--------+-----+--------+
         Total |   7113 |   6275 |    838 |   1431 |   3386 |   8 |  889.1 |
       Dungeon |   7078 |   6240 |    838 |   1431 |   3386 |   7 | 1011.1 |
        Temple |     35 |     35 |      0 |      0 |      0 |   1 |   35.0 |
               +--------+--------+--------+--------+--------+-----+--------+

Top non-repeatable levels by time:
     D:2: 1685 daAuts
     D:1: 1451 daAuts
     D:5: 1234 daAuts
     D:3: 1048 daAuts
     D:4: 854 daAuts
     D:6: 794 daAuts
  Temple: 35 daAuts
     D:7: 9 daAuts
